 Dungeon Crawl Stone Soup version 0.28-a0-1184-g53156a8862 (webtiles) character file.

Game seed: 3447048588687078129

347 ytrimaz the Insei (level 6, 0/39 HPs)
             Began as an Octopode Transmuter on Dec 18, 2021.
             Killed by divine providence
             ... invoked by an orc priest
              (16 damage)
             ... on level 4 of the Dungeon.
             The game lasted 00:03:14 (4046 turns).

ytrimaz the Insei (Octopode Transmuter)             Turns: 4046, Time: 00:03:14

Health: 0/39       AC:  1    Str:  6 (9)  XL:     6   Next: 59%
Magic:  8/11       EV: 13    Int: 16 (18) God:
Gold:   92         SH:  0    Dex: 10 (12) Spells: 1/11 levels left

rFire   . . .      SeeInvis .     - Unarmed
rCold   . . .      Faith    .   (no shield)
rNeg    . . .      Spirit   .   (helmet restricted)
rPois   .          Reflect  .   (no amulet)
rElec   .          Harm     .   (no ring)
rCorr   .          Rampage  .   e - ring of flight
Will    .....                   (no ring)
Stlth   ++........              (no ring)
HPRegen 0.13/turn               (no ring)
MPRegen 0.12/turn               (no ring)
                                (no ring)
                                (no ring)

@: flying, very slightly contaminated
A: almost no armour, amphibious, 8 rings, camouflage 1, gelatinous body 1,
(nimble swimmer 1), tentacles
a: no special abilities


You were on level 4 of the Dungeon.
You visited 1 branch of the dungeon, and saw 4 of its levels.

You collected 92 gold pieces.

Inventory:

Jewellery
 c - a ring of fire
 e - a ring of flight (right tentacle)
Scrolls
 d - a scroll of identify
 g - a scroll of teleportation
Potions
 a - a potion of might
 b - a potion of haste
 f - a potion of lignification
 h - a potion of invisibility


   Skills:
 * Level 2.2 Fighting
 * Level 3.1 Dodging
 + Level 4.4 Unarmed Combat
 * Level 3.4 Spellcasting
 * Level 3.6 Transmutations
 + Level 0.6 Poison Magic


You had one spell level left.
You knew the following spells:

 Your Spells              Type           Power      Damage    Failure   Level
a - Beastly Appendage     Tmut           28%        N/A       4%          1
b - Wereblood             Tmut           14%        N/A       6%          2
c - Spider Form           Tmut/Pois      9%         N/A       22%         3
d - Ice Form              Ice/Tmut       8%         N/A       65%         4

Your spell library contained the following spells:

 Spells                   Type           Power      Damage    Failure   Level
 Apportation              Tloc           4%         N/A       19%         1
 Corpse Rot               Necr/Air       4%         N/A       26%         2
 Dispel Undead            Necr           2%         3d7       87%         4
 Alistair's Intoxication  Tmut/Pois      6%         N/A       91%         5
 Borgnjor's Vile Clutch   Necr/Erth      1%         N/A       99%         5
 Death Channel            Necr           1%         N/A       100%        6
 Eringya's Noxious Bog    Tmut/Pois      4%         N/A       100%        6


Dungeon Overview and Level Annotations

Branches:
Dungeon (4/15)
 Temple: D:4-7

Altars:

Annotations:
D:2 1 runed translucent door, Crazy Yiuf
D:4 Pikel


Innate Abilities, Weirdness & Mutations

You cannot wear most types of armour.
You are amphibious.
You can wear up to eight rings at the same time.
Your skin changes colour to match your surroundings (Stealth+).
Your rubbery body absorbs attacks. (AC +1, EV +1)
((You are camouflaged near water. (Stealth+)))
You have tentacles for arms and can constrict up to eight enemies at once.


Message History

Unknown command.
You kill the iguana!
An orc priest comes into view. It is wielding a +0 club.
Press: ? - help, v - describe, . - travel
Here: Pikel, wielding a +0 whip of flaming and wearing a +0 robe The floor.
A giant cockroach comes into view.
You hit the lemure.
The lemure is poisoned.
The lemure is lightly wounded.
The lemure barely misses you.
The orc priest looks satisfied for a moment.
You closely miss the lemure.
The lemure is lightly wounded.
The lemure hits you.
A lemure comes into view.
The orc priest calls down the wrath of Beogh upon you.
Beogh smites you!
You hear a shout!
You hear an angry hiss.
You hear a shout!
Pikel says, "You'll make a fine lemure."
Your transformation is almost over.
Found a stone staircase leading down.
There is a stone staircase leading up here.
You fly upwards.
There is a stone staircase leading down here.
You start resting.
Your transformation has ended.
You start resting.
Magic restored.
Casting: Spider Form (quite dangerous; 22% risk of failure)
Confirm with . or Enter, or press ? or * to list all spells.
The spell is quite dangerous to miscast (22% risk of failure)!
Continue anyway?
You miscast Spider Form.
You are very lightly contaminated with residual magic.
Nothing appears to happen.
Unknown command.
You fly downwards.
Level annotation: Pikel The orc priest invokes the aid of Beogh against you.
Beogh smites you!
You die...

#.#...... #.# ##..
#....#o.####.#
#....
#.........o##..##.
#...o...........
#..<........####
..#........5..#
#.............##
#.........K55.#
#..........@..#
#................#
.............###..#
##...........# #..#
#...........# #.#
...........# ##
..........#
..>.....#


You could see Pikel, 3 lemures, an orc priest and 2 orcs.

Vanquished Creatures
  Sigmund (D:2)
  Jessica (D:3)
  An iguana (D:4)
  4 gnolls
  4 adders (D:3)
  An ufetubus (D:4)
  A worm (D:2)
  2 dart slugs
  An orc (D:3)
  7 bats
  6 endoplasms
  6 giant cockroaches
  6 goblins
  4 hobgoblins
  3 quokkas
  2 ball pythons (D:3)
  4 kobolds (D:1)
  3 rats
57 creatures vanquished.

Notes
Turn   | Place    | Note
-------+----------+-------------------------------------------
     0 | D:1      | ytrimaz the Octopode Transmuter began the quest for the
                  | Orb.
     0 | D:1      | Reached XP level 1. HP: 13/13 MP: 3/3
   233 | D:1      | Reached XP level 2. HP: 18/18 MP: 3/5
   257 | D:1      | Learned a level 2 spell: Wereblood
   756 | D:1      | Found a faded altar of an unknown god.
   795 | D:1      | Reached XP level 3. HP: 23/23 MP: 4/6
   799 | D:1      | Learned a level 3 spell: Spider Form
  1346 | D:2      | Noticed Sigmund
  1360 | D:2      | Killed Sigmund
  1361 | D:2      | Reached skill level 4 in Unarmed Combat
  1361 | D:2      | Reached XP level 4. HP: 12/29 MP: 4/8
  1361 | D:2      | Reached XP level 5. HP: 14/34 MP: 4/9
  2148 | D:2      | Found a runed translucent door.
  2149 | D:2      | Noticed Crazy Yiuf
  2483 | D:3      | Reached XP level 6. HP: 23/39 MP: 10/10
  2681 | D:3      | Learned a level 4 spell: Ice Form
  2759 | D:3      | Noticed Jessica
  2775 | D:3      | Killed Jessica
  4018 | D:4      | Noticed Pikel
  4046 | D:4      | Killed from afar by an orc priest

Illustrated notes

Levels and vault maps discovered:
D:1:      lightli_arrival_isolated_outpost, layout_loops_corners,
          shapermc_ecumenical_altar_ellora
D:2:      layout_rooms, grunt_ministairs_1, minmay_misc_feat_cross,
          kennysheep_generic_room_9, uniq_sigmund, uniq_crazy_yiuf_cottage
D:3:      layout_basic, minmay_starry_boxes, uniq_jessica
D:4:      layout_rooms, nicolae_overflow_hallway_of_the_gods, uniq_pikel,
          uniq_menkaure, uniq_natasha

Skill      XL: |  1  2  3  4  5  6 |
---------------+-------------------+-----
Fighting       | 2 |  2.2
Unarmed Combat | 4 |  4.4
Spellcasting   | 3 |  3.4
Transmutations | 3 |  3.6
Dodging        | 3 |  3.1
Poison Magic   | |  0.6

Action                   |  1- 3 |  4- 6 || total
-------------------------+-------+-------++-------
Melee: Unarmed           |    44 |    93 ||   137
       Kick              |     6 |     6 ||    12
       Constrict         |    10 |    12 ||    22
       Tentacles         |     9 |    10 ||    19
       Punch             |     4 |       ||     4
 Cast: Beastly Appendage |    14 |    16 ||    30
       Spider Form       |     1 |     3 ||     4
       Wereblood         |       |     1 ||     1
  Use: Scroll            |     1 |     7 ||     8
       Potion            |       |     2 ||     2
 Stab: Sleeping          |     7 |     4 ||    11
       Distracted        |     1 |       ||     1
Armor: Skin              |     1 |     9 ||    10
Dodge: Dodged            |    21 |    76 ||    97

Table legend: (Time is in decaauts)
 A = Elapsed time spent in this place.
 B = Non-inter-level travel time spent in this place.
 C = Inter-level travel time spent in this place.
 D = Time resting spent in this place.
 E = Time spent auto-exploring this place.
 F = Levels seen in this place.
 G = Mean time per level.
                   A        B        C        D        E       F      G
               +--------+--------+--------+--------+--------+-----+--------+
         Total |   4036 |   3970 |     66 |    180 |   3202 |   4 | 1009.0 |
       Dungeon |   4036 |   3970 |     66 |    180 |   3202 |   4 | 1009.0 |
               +--------+--------+--------+--------+--------+-----+--------+

Top non-repeatable levels by time:
     D:3: 1463 daAuts
     D:1: 1347 daAuts
     D:2: 1022 daAuts
     D:4: 203 daAuts
